 Dungeon Crawl Stone Soup version 0.29.1-13-g9f3cf754e1 (webtiles) character file.

Game seed: 1474562966414841679

35 shadowmeld the Magician (level 3, -3/26 HPs)
             Began as a Djinni Ice Elementalist on Feb 6, 2023.
             Shot with an arrow by a centaur (7 damage)
             ... on level 6 of the Dungeon.
             The game lasted 00:06:43 (2044 turns).

shadowmeld the Magician (Djinni Ice Elementalist)   Turns: 2044, Time: 00:06:43

Health: -3/26      AC:  3    Str:  7    XL:     3   Next: 52%
Gold:   175        EV: 12    Int: 18    God:
                   SH:  0    Dex: 13

rFire   + + +      SeeInvis .   (no weapon)
rCold   x . .      Faith    .   (no shield)
rNeg    . . .      Spirit   .   k - +1 robe "Rioptos" {rF++}
rPois   ∞          Reflect  .   (no helmet)
rElec   .          Harm     .   (no cloak)
rCorr   .          Rampage  .   (no gloves)
Will    .....                   (boots unavailable)
Stlth   ++........              (no amulet)
HPRegen 0.08/turn               (no ring)
MPRegen 0.00/turn               (no ring)

@: flying
A: sickness immunity, fire resistance 2, cold vulnerability 1, float, innate
caster, HP casting, extra vitality 1
a: no special abilities


You were on level 6 of the Dungeon.
You visited 1 branch of the dungeon, and saw 4 of its levels.

You collected 175 gold pieces.

Inventory:

Armour
 a - a +0 robe
 k - the +1 robe "Rioptos" (worn) {rF++}
   (You found it on level 3 of the Dungeon)

   rF:        It greatly protects you from fire.
Wands
 f - a wand of quicksilver (8)
Scrolls
 b - 2 scrolls of identify {unknown}
 c - a scroll of blinking {unknown}
 d - a scroll of summoning {unknown}
 e - a scroll of teleportation {unknown}
 g - a scroll of torment {unknown}
 h - a scroll of magic mapping {unknown}
 i - 2 scrolls of vulnerability {unknown}
 l - a scroll of enchant weapon {unknown}
Potions
 j - a potion of cancellation {unknown}


   Skills:
 * Level 0.4 Fighting
 * Level 2.4 Dodging
 - Level 1.5 Stealth
 * Level 3.9 Spellcasting


You couldn't memorise any spells.
You knew the following spells:

 Your Spells              Type           Power      Damage    Failure   Level
a - Freeze                Ice            68%        1d8       3%          1
b - Frozen Ramparts       Ice            34%        1d6       9%          3
c - Ozocubu's Armour      Ice            17%        N/A       9%          3
d - Hailstorm             Conj/Ice       17%        3d6       28%         4
e - Sandblast             Erth           34%        2d9       3%          1
Your spell library was empty.

Dungeon Overview and Level Annotations

Branches:
Dungeon (3/15)

Altars:
Ashenzari


Innate Abilities, Weirdness & Mutations

You are immune to sickness and miasma.
You are immune to poison.
Your flesh is very heat resistant. (rF++)
You are vulnerable to cold. (rC-)
You float through the air rather than walking.
You learn spells naturally, not from books.
Your magical power is your life essence.
You have superior vitality. (+4 MHP)


Message History

The dart slug is severely wounded.
Sorry, you're not good enough to have a special ability.
Unknown command.
Casting: Sandblast (safe; 3% risk of failure)
Confirm with . or Enter, or press ? or * to list all spells.
Aiming: Freeze (safe; 3% risk of failure)
Press: ? - help, Shift-Dir - straight line, f/p - dart slug
Aim: a dart slug (severely wounded)
You freeze the dart slug.
The dart slug is almost dead.
The dart slug launches a dart at you. The slug dart hits you.
Casting: Freeze (safe; 3% risk of failure)
Confirm with . or Enter, or press ? or * to list all spells.
Aiming: Freeze (safe; 3% risk of failure)
Press: ? - help, Shift-Dir - straight line, f/p - dart slug
Aim: a dart slug (almost dead)
You freeze the dart slug!
You kill the dart slug!
You see here a dart slug corpse.
You see here a dart slug corpse.
Found a stone staircase leading down.
There is a stone staircase leading down here.
You now have 175 gold pieces (gained 4).
You reach down and open the door.
Found a broken altar of Ashenzari.
There is an open door here.
A sourceless malevolence fills the Dungeon...
You are sucked into a shaft and drop 3 floors!
The shaft crumbles and collapses.
Found a ring mail and a scroll labelled WEKLAUW LANO.
A centaur comes into view.
The centaur shouts!
The centaur wields a +0 shortbow.
The centaur shoots an arrow.
The arrow hits you!
The centaur shoots an arrow.
The arrow hits you!
* * * LOW HITPOINT WARNING * * *
The centaur shoots an arrow.
The arrow closely misses you.
The centaur shoots an arrow.
The arrow hits you!
You die...

######### .
#.....[.#
c.##.......#
...........+
..##.......#
#...@...#
#.......#
#.......#
#.......#
#.......#
#########


You could see a centaur.

Vanquished Creatures
  2 worms (D:2)
  A dart slug (D:3)
  4 ball pythons
  5 bats
  An endoplasm (D:2)
  2 goblins (D:1)
  2 hobgoblins (D:1)
  3 kobolds (D:1)
  A quokka (D:2)
  A giant cockroach (D:2)
  3 rats
25 creatures vanquished.

Notes
Turn   | Place    | Note
-------+----------+-------------------------------------------
     0 | D:1      | shadowmeld the Djinni Ice Elementalist began the quest for
                  | the Orb.
     0 | D:1      | shadowmeld set off with the following spells memorised:
                  | Freeze, Frozen Ramparts, Ozocubu's Armour, Hailstorm.
     0 | D:1      | Reached XP level 1. HP: 15/15 MP: 0/0
   171 | D:1      | Reached XP level 2. HP: 16/21 MP: 0/0
   827 | D:1      | Found a faded altar of an unknown god.
  1232 | D:2      | Reached XP level 3. HP: 18/25 MP: 0/0
  1232 | D:2      | Learned a level 1 spell: Sandblast
  1888 | D:3      | Identified the +1 robe "Rioptos" {rF++}
  2039 | D:3      | Found a broken altar of Ashenzari.
  2041 | D:3      | You are sucked into a shaft and drop 3 floors!
  2042 | D:6      | Noticed a centaur
  2044 | D:6      | Shot with an arrow by a centaur

Illustrated notes

Levels and vault maps discovered:
D:1:      scummos_arrival_simple_crosswalls, layout_rooms,
          shapermc_ecumenical_altar_mp_vishouse
D:2:      layout_loops_ring
D:3:      minmay_chambers_of_threes, layout_basic, slow_altar_2,
          ashenzari_conservatory_becter
D:6:      layout_basic, minmay_misc_feat_chi, uniq_maggie

Action                   || total
-------------------------++-------
 Cast: Freeze            ||    44
       Sandblast         ||     7
Armor: Robe              ||     6
Dodge: Dodged            ||    31
